 Dungeon Crawl Stone Soup version 0.31.0-32-g396128a36d (webtiles) character file.

Game seed: 7345068641555302052

650 AdnanSaban the Cudgeller (level 7, -3/44 HPs)
             Began as a Gargoyle Fighter on Apr 12, 2024.
             Was an Initiate of Okawaru.
             Slain by an ice beast (7 damage)
             ... on level 5 of the Dungeon.
             The game lasted 00:05:59 (4942 turns).

AdnanSaban the Cudgeller (Gargoyle Fighter)         Turns: 4942, Time: 00:06:00

Health: -3/44      AC: 19    Str: 22    XL:     7   Next: 53%
Magic:  7/7        EV:  6    Int:  8    God:    Okawaru [......]
Gold:   213        SH:  4    Dex:  9    Spells: 6/6 levels left

rFire   . . .        w - +1 whip (elec)
rCold   . . .        c - +0 buckler
rNeg    + . .        l - +0 plate armour
rPois   ∞            (no helmet)
rElec   +            (no cloak)
rCorr   .            j - +0 pair of gloves
SInv    .            h - +0 pair of boots
Will    .....        (no amulet) Stlth
                     (no ring)
HPRegen 0.27/turn    (no ring)
MPRegen 0.10/turn

%: no passive effects
@: no status effects
A: sickness immunity, AC +4, negative energy resistance 1, electricity
resistance, torment resistance 1, petrification resistance
a: Renounce Religion


You were on level 5 of the Dungeon.
You worshipped Okawaru.
Okawaru was noncommittal.
You visited 2 branches of the dungeon, and saw 6 of its levels.

You collected 213 gold pieces.

Inventory:

Hand Weapons
 v - a +0 morningstar
 w - a +1 whip of electrocution (weapon)
Missiles
 t - 4 boomerangs (quivered)
Armour
 c - a +0 buckler (worn)
 h - a +0 pair of boots (worn)
 j - a +0 pair of gloves (worn)
 l - a +0 plate armour (worn)
Scrolls
 e - a scroll of teleportation {unknown}
 f - 5 scrolls of identify {unknown}
 g - a scroll of amnesia {unknown}
 i - 2 scrolls of enchant weapon {unknown}
 m - a scroll of immolation
 o - a scroll of fear {unknown}
 p - a scroll of poison {unknown}
 q - a scroll of revelation {unknown}
Potions
 b - 4 potions of cancellation {unknown}
 d - 2 potions of might
 k - a potion of ambrosia {unknown}
 n - 2 potions of mutation {unknown}
 r - a potion of haste {unknown}
 s - a potion of invisibility {unknown}
 u - a potion of curing {unknown}


   Skills:
 + Level 4.3 Fighting
 + Level 5.8 Maces & Flails
 + Level 5.3 Armour
 + Level 0.9 Dodging
 + Level 1.2 Stealth
 + Level 4.2 Shields
 * Level 1.0 Invocations


You had 6 spell levels left.
You didn't know any spells.
Your spell library contained the following spells:

 Spells                   Type           Power      Damage    Failure   Level
 Apportation              Tloc           0%         N/A       100%        1
 Necrotise                Necr           0%         1d4       100%        1
 Sting                    Conj/Alch      0%         1d3       100%        1
 Static Discharge         Conj/Air       0%         3-3/arc   100%        2
 Airstrike                Air            0%         2d(0-16)  100%        4
 Anguish                  Hex/Necr       0%         N/A       100%        4
 Cause Fear               Hex            0%         N/A       100%        4
 Petrify                  Alch/Erth      0%         N/A       100%        4
 Irradiate                Conj/Alch      0%         3d11      100%        5
 Enfeeble                 Hex            0%         N/A       100%        7
 Summon Small Mammal      Summ           Unusable   N/A       N/A         1
 Sublimation of Blood     Necr           Unusable   N/A       N/A         2
 Summon Lightning Spire   Summ/Air       Unusable   N/A       N/A         4

Dungeon Overview and Level Annotations

Branches:
Dungeon (5/15)             Temple (1/1) D:5

Altars:
Ashenzari
Cheibriados
Dithmenos
Elyvilon
Fedhas
Gozag
Hepliaklqana
Kikubaaqudgha
Makhleb
Okawaru
Qazlal
Ru
Sif Muna
Trog
Uskayaw
Vehumet
Wu Jian
Yredelemnul
Zin
The Shining One

Annotations:
D:4 1 runed translucent door, sosloow's ghost, amateur DsGl
D:5 1 transporter, Route97's ghost, novice GnAE


Innate Abilities, Weirdness & Mutations

You are immune to sickness and miasma.
Your stone body is resilient. (AC +4)
You are immune to poison.
You resist negative energy. (rN+)
You are resistant to electric shocks. (rElec)
You are resistant to unholy torment.
You are immune to petrification.


Message History

The ice beast hits you but does no damage.
You hit the ice beast but do no damage.
The ice beast is lightly wounded.
You hit the ice beast but do no damage.
The ice beast is lightly wounded.
The ice beast hits you but does no damage.
You closely miss the ice beast.
The ice beast is lightly wounded.
The ice beast hits you. The ice beast freezes you!
You are too injured to fight recklessly!
You are too injured to fight recklessly!
You are too injured to fight recklessly!
You are too injured to fight recklessly!
You are too injured to fight recklessly!
You are too injured to fight recklessly!
You are too injured to fight recklessly!
You are too injured to fight recklessly!
You are too injured to fight recklessly!
You are too injured to fight recklessly!
You are too injured to fight recklessly!
You are too injured to fight recklessly!
You are too injured to fight recklessly!
You are too injured to fight recklessly!
You are too injured to fight recklessly!
You hit the ice beast.
The ice beast is moderately wounded.
The ice beast hits you. The ice beast freezes you!
* * * LOW HITPOINT WARNING * * *
You hit the ice beast.
The ice beast is moderately wounded.
The ice beast hits you but does no damage.
Okay, then.
Okay, then.
You hit the ice beast.
Lightning courses through the ice beast!
The ice beast is severely wounded.
The ice beast hits you.
* * * LOW HITPOINT WARNING * * *
The ice beast freezes you!
You die...

.. .. .. . .#.#. . ....
.#.#.#.#.#.#.## #.
........#..... #.
........#...# #.
........+Y..#.......# #.
........#@..#.......# #.
........#...#.......# #.
........#'###.......+ #.
....................# #.
...#####............#####.
#..................
#..................
+.......####.......
#.......#))#.......


You could see an ice beast.

Vanquished Creatures
  An ogre (D:5)
  A centaur (D:5)
  A hound (D:5)
  A bombardier beetle (D:4)
  Jessica (D:2)
  An iguana (D:4)
  Terence (D:2)
  Natasha (thrice) (D:2)
  2 orc wizards
  4 gnolls
  5 adders
  A white imp (D:5)
  3 dart slugs
  3 ribbon worms (D:2)
  11 orcs
  6 ball pythons
  10 endoplasms
  4 giant cockroaches
  10 goblins
  16 hobgoblins
  2 jackals (D:1)
  4 quokkas
  8 bats
  4 frilled lizards
  5 kobolds
  10 rats
118 creatures vanquished.

Notes
Turn   | Place    | Note
-------+----------+-------------------------------------------
     0 | D:1      | AdnanSaban the Gargoyle Fighter began the quest for the
                  | Orb.
     0 | D:1      | Reached XP level 1. HP: 14/14 MP: 1/1
   116 | D:1      | Reached XP level 2. HP: 19/19 MP: 2/2
   314 | D:1      | Reached XP level 3. HP: 20/23 MP: 3/3
  1240 | D:2      | Noticed Natasha
  1252 | D:2      | Killed Natasha
  1253 | D:2      | Reached XP level 4. HP: 17/29 MP: 4/4
  1377 | D:2      | Found a stormy altar of Qazlal.
  1416 | D:2      | Noticed Jessica
  1416 | D:2      | Noticed Natasha
  1423 | D:2      | Killed Jessica
  1503 | D:2      | Noticed Terence
  1541 | D:2      | Reached XP level 5. HP: 33/33 MP: 5/5
  1764 | D:2      | Killed Natasha
  1953 | D:2      | Noticed Natasha
  1960 | D:2      | Killed Terence
  1967 | D:2      | Killed Natasha
  1968 | D:2      | Reached XP level 6. HP: 8/38 MP: 6/6
  2191 | D:2      | Found a faded altar of an unknown god.
  2232 | D:2      | Reached skill level 1 in Stealth
  3036 | D:4      | Found a runed translucent door.
  3052 | D:4      | Noticed sosloow's ghost (amateur DsGl)
  3729 | D:4      | Reached skill level 5 in Maces & Flails
  4286 | D:5      | Entered Level 5 of the Dungeon
  4293 | D:5      | Reached XP level 7. HP: 13/43 MP: 7/7
  4500 | D:5      | Found a staircase to the Ecumenical Temple.
  4508 | Temple   | Entered the Ecumenical Temple
  4534 | Temple   | Became a worshipper of Warmaster Okawaru
  4697 | D:5      | Reached skill level 5 in Armour
  4844 | D:5      | Found a transporter.
  4848 | D:5      | Noticed Route97's ghost (novice GnAE)
  4898 | D:5      | Reached skill level 1 in Invocations
  4942 | D:5      | Slain by an ice beast

Illustrated notes

Levels and vault maps discovered:
D:1:      dpeg_arrival_subterranean_lakeside_camping, layout_basic,
          minmay_parallelograms
D:2:      layout_loops_ring, basic_altar, hellmonk_ecumenical_altar_blasted,
          kennysheep_pointless_box, minmay_tromino_mix6, uniq_terence,
          uniq_jessica, uniq_natasha
D:3:      layout_rooms
D:4:      layout_layer_cave, hellmonk_ghost_happy_afterlife
D:5:      kennysheep_big_flooded_room, layout_gridville, temple_green,
          gammafunk_ghost_stat_death, supply_closet_lemuel, st_stairs_11,
          dk_vineyard_3, minmay_misc_feat_secret_circle
Temple:   nicolae_temple_bog_church

Skill      XL: |  1  2  3  4  5  6  7 |
---------------+----------------------+-----
Maces & Flails | 3 4 5 |  5.8
Armour         | 4 5 |  5.3
Fighting       | 4 |  4.3
Stealth        | 1 |  1.2
Shields        | 4 |  4.2
Invocations    | 1 |  1.0
Dodging        | |  0.9

Action                     |  1- 3 |  4- 6 |  7- 9 || total
---------------------------+-------+-------+-------++-------
  Melee: Flail             |   140 |   232 |    75 ||   447
         Whip              |       |       |    13 ||    13
 Armour: Scale mail        |    94 |    32 |       ||   126
         Plate armour      |       |   143 |   103 ||   246
  Dodge: Dodged            |    85 |    88 |    35 ||   208
  Block: Buckler           |    30 |    43 |    26 ||    99
